 Dungeon Crawl Stone Soup version 0.31-a0-968-g24f9ace8b5 (webtiles) character file.

Game seed: 3389350287145250417

410 night the Ruffian (level 6, -4/38 HPs)
             Began as an Octopode Shapeshifter on Oct 27, 2023.
             Was a Follower of Uskayaw.
             Slain by an ogre
             ... wielding a +0 giant club
              (17 damage)
             ... on level 5 of the Dungeon.
             The game lasted 00:06:37 (3286 turns).

night the Ruffian (Octopode Shapeshifter)           Turns: 3286, Time: 00:06:38

Health: -4/38      AC:  1    Str: 15    XL:     6   Next: 89%
Magic:  7/7        EV: 13    Int: 12    God:    Uskayaw [*.....]
Gold:   152        SH:  0    Dex: 12    Spells: 5/5 levels left

rFire   . .          .
                       - Unarmed
rCold   . . .        (no shield)
rNeg    . . .        (helmet currently unavailable)
rPois   .            (no amulet)
rElec   .            (no ring)
rCorr   .            (no ring)
SInv    .            (no ring)
Will    .....        (no ring)
Stlth   +++          (no ring)
HPRegen 0.26/turn    (no ring)
MPRegen 0.10/turn    (no ring)
                     (no ring)

%: no passive effects
@: beast-form, hasted, very quick
A: beast (slay +2), almost no armour, amphibious, 8 rings, camouflage 1,
gelatinous body 1, (nimble swimmer 1), tentacles
a: Begin Untransformation, Renounce Religion, Stomp


You were on level 5 of the Dungeon.
You worshipped Uskayaw.
Uskayaw was noncommittal.
You were a hulking beast.
You visited 1 branch of the dungeon, and saw 5 of its levels.

You collected 152 gold pieces.

Inventory:

Missiles
 e - 14 poisoned darts
 f - 52 stones
 h - 5 boomerangs
Talismans
 b - a beast talisman
 c - a flux talisman
Wands
 p - a wand of polymorph (7)
Scrolls
 d - a scroll of teleportation
 g - a scroll of immolation
 i - 3 scrolls of enchant weapon
 m - 2 scrolls of enchant armour
 s - a scroll of poison
Potions
 a - a potion of lignification
 k - a potion of brilliance {unknown}
 l - a potion of haste
 q - a potion of heal wounds {unknown}
 r - a potion of enlightenment {unknown}


   Skills:
 + Level 1.4 Fighting
 + Level 2.3 Dodging
 + Level 4.1 Stealth
 * Level 5.4 Unarmed Combat
 + Level 1.9 Invocations
 + Level 4.1 Shapeshifting


You had 5 spell levels left.
You didn't know any spells.
Your spell library contained the following spells:

 Spells                   Type           Power      Damage    Failure   Level
 Olgreb's Toxic Radiance  Pois           0%         N/A       97%         4
 Discord                  Hex            0%         N/A       100%        8
 Ignition                 Fire           0%         3d3       100%        8


Dungeon Overview and Level Annotations

Branches:
Dungeon (5/15)
 Temple: D:4-7

Altars:
Ashenzari
Gozag
Makhleb
Uskayaw


Innate Abilities, Weirdness & Mutations

You are a hulking beast.
Your limbs bulge with bestial killing power. (Slay +2)
You cannot wear most types of armour.
You are amphibious.
You can wear up to eight rings at the same time.
Your skin changes colour to match your surroundings (Stealth+).
Your rubbery body absorbs attacks. (AC +1, EV +1)
((You are camouflaged when in or above water. (Stealth+)))
You have tentacles for arms and can constrict up to eight enemies at once.


Message History

As you read the scroll of identify, it crumbles to dust.
l - 2 potions of haste HP restored.
A hound comes into view.
The helpless hound fails to defend itself.
You tentacle-slap the hound. You grab the hound. You tentacle-slap the hound.
The hound is heavily wounded.
You constrict the hound. The hound bites you. x2
You tentacle-slap the hound. You squeeze the hound.
You kill the hound!
You can now pass through a line of other dancers.
No target in view!
You hear the slow hiss of a very distant avalanche of sand.
You see here a hound corpse.
You now have 147 gold pieces (gained 11).
Found a stone staircase leading down.
You hear the slow hiss of a very distant avalanche of sand.
You now have 152 gold pieces (gained 5).
You see here a +0 robe.
An ogre comes into view. It is wielding a +0 giant club.
The ogre shouts!
An adder comes into view.
The adder hisses angrily.
You tentacle-slap the ogre.
Your tentacle-slap misses the ogre.
Your squeeze misses the ogre.
The ogre is lightly wounded.
The ogre misses you.
You barely miss the ogre.
Your tentacle-slap misses the ogre.
The ogre is lightly wounded.
The ogre hits you with a +0 giant club!!
You tentacle-slap the ogre but do no damage.
The ogre is lightly wounded.
You tentacle-slap the ogre. You squeeze the ogre.
The ogre is moderately wounded.
The ogre hits you with a +0 giant club!
* * * LOW HITPOINT WARNING * * *
Okay, then.
You feel better.
You feel yourself speed up. The ogre hits you with a +0 giant club!
You die...

##... ..#.
####### # #...#
#.#.# #.....#
#.## #..####.. .
#.....##
#..###...##.# #
#......
#.#..#.##.#
.....
###...#.##.###
.S.
#...............
#O#
#.#######.######
######h# ###.###
#......#
#.....####
#......#
#........#
#.[....#
#.....##.#
#.....####.
#.....##.#
#...>......
#.....##.#
###..####..
##.#.###.#
#....# #.#.###.#
##.#.# #
#......†#


You could see an ogre and an adder.

Vanquished Creatures
  A bullfrog (D:4)
  A jelly (D:5)
  An orc priest (D:4)
  A hound (D:5)
  An iguana (D:4)
  3 orc wizards
  5 adders
  A gnoll (D:1)
  2 dart slugs
  13 orcs
  9 ball pythons
  7 bats
  5 endoplasms
  2 giant cockroaches (D:3)
  7 hobgoblins
  8 kobolds
  2 quokkas (D:3)
  A frilled lizard (D:1)
  10 goblins
  7 rats
87 creatures vanquished.

Notes
Turn   | Place    | Note
-------+----------+-------------------------------------------
     0 | D:1      | night the Octopode Shapeshifter began the quest for the
                  | Orb.
     0 | D:1      | Reached XP level 1. HP: 13/13 MP: 1/1
   138 | D:1      | Reached skill level 1 in Stealth
   138 | D:1      | Reached XP level 2. HP: 18/18 MP: 2/2
   378 | D:1      | Found a faded altar of an unknown god.
   378 | D:1      | Noticed a rust devil
   388 | D:1      | Prayed at the altar of an unknown god.
   388 | D:1      | Became a worshipper of Uskayaw the Reveller
   388 | D:1      | Reached * piety under Uskayaw
   465 | D:1      | Reached ** piety under Uskayaw
   466 | D:1      | Reached XP level 3. HP: 18/23 MP: 3/3
   970 | D:2      | Reached skill level 2 in Stealth
  1169 | D:2      | Reached skill level 4 in Unarmed Combat
  1244 | D:2      | Reached XP level 4. HP: 28/28 MP: 4/4
  1564 | D:3      | Found an opulent altar of Gozag.
  2020 | D:3      | Reached *** piety under Uskayaw
  2024 | D:3      | HP: 3/28 [orc/+0 flail (8)]
  2035 | D:3      | Reached XP level 5. HP: 16/33 MP: 0/5
  2460 | D:4      | Found a broken altar of Ashenzari.
  2466 | D:4      | Reached skill level 1 in Invocations
  2538 | D:4      | Reached skill level 5 in Unarmed Combat
  2538 | D:4      | Reached XP level 6. HP: 11/38 MP: 5/7
  2722 | D:4      | Found a burning altar of Makhleb.
  3089 | D:4      | Identified the +2 robe "Sadan" {Rampage rN+ Int-5}
  3166 | D:5      | Entered Level 5 of the Dungeon
  3284 | D:5      | HP: 3/38 [ogre/+0 giant club (17)]
  3286 | D:5      | Slain by an ogre

Illustrated notes

Levels and vault maps discovered:
D:1:      grunt_arrival_crossed_arrows, layout_basic,
          dreamdust_ecumenical_altar_sealed_demon
D:2:      layout_loops_ring, minmay_vboxes
D:3:      layout_loops_ring, lemuel_crystal_altar, minmay_starry_boxes
D:4:      layout_basic, overflow_temple_1_default, lightli_temple_of_fire
D:5:      layout_loops_cross, mainiacjoe_ossuary_entry_find_the_door

Skill      XL: |  1  2  3  4  5  6 |
---------------+-------------------+-----
Stealth        | 1 2 3 4 |  4.1
Unarmed Combat | 4 5 |  5.4
Invocations    | 1 |  1.9
Shapeshifting  | 4 |  4.1
Fighting       | |  1.4
Dodging        | |  2.3

Action                     |  1- 3 |  4- 6 || total
---------------------------+-------+-------++-------
  Melee: Unarmed           |    49 |   108 ||   157
         Constrict         |    13 |    32 ||    45
         Tentacles         |    12 |    28 ||    40
         Punch             |       |     4 ||     4
 Invoke: Line Pass         |       |     1 ||     1
    Use: Potion            |       |     3 ||     3
         Scroll            |       |     7 ||     7
   Stab: Sleeping          |     8 |    12 ||    20
         Paralysed         |       |     1 ||     1
 Armour: Skin              |    17 |    47 ||    64
  Dodge: Dodged            |    17 |    54 ||    71

Table legend: (Time is in decaauts)
 A = Elapsed time spent in this place.
 B = Non-inter-level travel time spent in this place.
 C = Inter-level travel time spent in this place.
 D = Time resting spent in this place.
 E = Time spent auto-exploring this place.
 F = Levels seen in this place.
 G = Mean time per level.
                   A        B        C        D        E       F      G
               +--------+--------+--------+--------+--------+-----+--------+
         Total |   3274 |   3185 |     89 |    277 |   2345 |   5 |  654.8 |
       Dungeon |   3274 |   3185 |     89 |    277 |   2345 |   5 |  654.8 |
               +--------+--------+--------+--------+--------+-----+--------+

Top non-repeatable levels by time:
     D:3: 933 daAuts
     D:1: 767 daAuts
     D:4: 762 daAuts
     D:2: 692 daAuts
     D:5: 119 daAuts
